Workbook
Name _______________________________z2: IF(__________w7,Header_Row+__________w3,Header_Row)
Name __________________A1: IF(Values_Entered,Header_Row+Number_of_Payments,Header_Row)
Name __________________A17000: #REF!
Name __________________A20000: #REF!
Name __________________A30000: #REF!
Name __________________G1: DATE(YEAR(Loan_Start),MONTH(Loan_Start)+Payment_Number,DAY(Loan_Start))
Name __________________PJ50: #REF!
Name __________________v1: IF(__________________v8,Header_Row+__________________v4,Header_Row)
Name __________________v2: IF(__________________v8,Header_Row+__________________v4,Header_Row)
Name __________________v4: MATCH(0.01,End_Bal,-1)+1
Name __________________v5: DATE(YEAR(Loan_Start),MONTH(Loan_Start)+Payment_Number,DAY(Loan_Start))
Name __________________v6: OFFSET(Full_Print,0,0,__________________v2)
Name __________________v7: Scheduled_Payment+Extra_Payment
Name __________________v8: IF(Loan_Amount*Interest_Rate*Loan_Years*Loan_Start>0,1,0)
Name __________________w1: IF(__________________w7,Header_Row+__________________w3,Header_Row)
Name __________________w2: IF(__________________w7,Header_Row+__________________w3,Header_Row)
Name __________________w3: MATCH(0.01,End_Bal,-1)+1
Name __________________w4: DATE(YEAR(Loan_Start),MONTH(Loan_Start)+Payment_Number,DAY(Loan_Start))
Name __________________w5: OFFSET(Full_Print,0,0,__________________w2)
Name __________________w6: Scheduled_Payment+Extra_Payment
Name __________________w7: IF(Loan_Amount*Interest_Rate*Loan_Years*Loan_Start>0,1,0)
Name __________________X1: IF(__________________X7,Header_Row+__________________X3,Header_Row)
Name __________________X2: IF(__________________X7,Header_Row+__________________X3,Header_Row)
Name __________________X3: MATCH(0.01,End_Bal,-1)+1
Name __________________X4: DATE(YEAR(Loan_Start),MONTH(Loan_Start)+Payment_Number,DAY(Loan_Start))
Name __________________X5: OFFSET(Full_Print,0,0,__________________X2)
Name __________________X6: Scheduled_Payment+Extra_Payment
Name __________________X7: IF(Loan_Amount*Interest_Rate*Loan_Years*Loan_Start>0,1,0)
Name __________________y2: IF(__________________y7,Header_Row+__________________y3,Header_Row)
Name __________________y3: MATCH(0.01,End_Bal,-1)+1
Name __________________y4: DATE(YEAR(Loan_Start),MONTH(Loan_Start)+Payment_Number,DAY(Loan_Start))
Name __________________y5: OFFSET(Full_Print,0,0,__________________y2)
Name __________________y6: Scheduled_Payment+Extra_Payment
Name __________________y7: IF(Loan_Amount*Interest_Rate*Loan_Years*Loan_Start>0,1,0)
Name __________________z1: IF(__________________z7,Header_Row+__________________z3,Header_Row)
Name __________________z2: IF(__________________z7,Header_Row+__________________z3,Header_Row)
Name __________________z3: MATCH(0.01,End_Bal,-1)+1
Name __________________z4: DATE(YEAR(Loan_Start),MONTH(Loan_Start)+Payment_Number,DAY(Loan_Start))
Name __________________z5: OFFSET(Full_Print,0,0,__________________z2)
Name __________________z6: Scheduled_Payment+Extra_Payment
Name __________________z7: IF(Loan_Amount*Interest_Rate*Loan_Years*Loan_Start>0,1,0)
Name _________________IPC2002: #REF!
Name ________________A1: IF(Values_Entered,Header_Row+Number_of_Payments,Header_Row)
Name ________________A17000: #REF!
Name ________________A20000: #REF!
Name ________________A30000: #REF!
Name ________________G1: DATE(YEAR(Loan_Start),MONTH(Loan_Start)+Payment_Number,DAY(Loan_Start))
Name ________________PJ50: #REF!
Name ________________v1: IF(________________v8,Header_Row+________________v4,Header_Row)
Name ________________v2: IF(________________v8,Header_Row+________________v4,Header_Row)
Name ________________v4: MATCH(0.01,End_Bal,-1)+1
Name ________________v5: DATE(YEAR(Loan_Start),MONTH(Loan_Start)+Payment_Number,DAY(Loan_Start))
Name ________________v6: OFFSET(Full_Print,0,0,________________v2)
Name ________________v7: Scheduled_Payment+Extra_Payment
Name ________________v8: IF(Loan_Amount*Interest_Rate*Loan_Years*Loan_Start>0,1,0)
Name ________________w1: IF(________________w7,Header_Row+________________w3,Header_Row)
Name ________________w2: IF(________________w7,Header_Row+________________w3,Header_Row)
Name ________________w3: MATCH(0.01,End_Bal,-1)+1
Name ________________w4: DATE(YEAR(Loan_Start),MONTH(Loan_Start)+Payment_Number,DAY(Loan_Start))
Name ________________w5: OFFSET(Full_Print,0,0,________________w2)

Sheet PRESUPUESTO OFICIAL
B2: INSTITUTO NACIONAL DE VÍAS
B3: SUBDIRECCION DE GESTIÓN INTEGRAL DE CARRRETERAS
B4: DIRECCIÓN TERRITORIAL SUCRE
D5: OBJETO: SUMINISTRO DE AFIRMADO EN LA VIA COVEÑAS - SAN ONOFRE (9004) A CARGO DE LA DT SUCRE
D6: PROCESO DE MINIMA CUANTÍA No. IP-DT-SUC-003-2023 | K6: 100000000 | L6: =+K6/1.19 -> 84033613
D7: PRESUPUESTO OFICIAL
L8: =+L6/H11 -> 1528.0506
K9: =85155460/H11 -> 1548.45
B10: ITEM | C10: GENERAL | D10: PART | E10: DESCRIPCION | F10: UND | G10: CANT | H10: V/UNIT | I10: V/TOTAL | K10: + | L10: =+K10/1.19 -> #VALUE!
B11: 311.11P | D11: 311P | E11: Suministro de material de afirmado (Incluye Equipo). | F11: M3 | G11: 305.5 | H11: ='311.11P'!L73 -> 54994 | I11: =+ROUND(H11*G11,0) -> 16800667
F13: VALOR COSTO DIRECTO | I13: =SUM(I11:I12) -> 16800667
F14: VALOR IVA (19% ) | I14: =ROUND(I13*0.19,0) -> 3192127
F15: VALOR TOTAL DE LA OBRA | I15: =+I13+I14 -> 19992794

Sheet 311.11P
I1: CÓDIGO | J1: MEPI-MN1-IN-10-FR-1
B2: INSTITUTO NACIONAL DE VIAS
B3: PROCESO MISIONAL EJECUCIÓN DE PROYECTOS DE INFRAESTRUCTURA DE TRANSPORTE | I3: VERSIÓN | J3: 1
B4: MANUAL DE INTERVENTORÍA OBRA PÚBLICA
B5: ANÁLISIS DE PRECIOS UNITARIOS | I5: PÁGINA
I8: FECHA
J9: (Día / Mes / Año)
A10: ÍTEMS DE LA PROPUESTA ECONÓMICA | H10: ÍTEMS NO PREVISTOS
A11: UNIDAD EJECUTORA: | H11: DIRECCIÓN TERRITORIAL:
A14: CONTRATO No.
B15: (Indicar número y año)
A17: OBJETO DEL CONTRATO:
A21: PROYECTO:
A23: CONTRATISTA:
A25: INTERVENTOR: | I25: Contrato No.:
J26: (Indicar número y año)
A27: FECHA CIERRE PROCESO DE SELECCIÓN CONTRATO DE OBRA:
F28: (Día) | G28: (Mes) | H28: (Año)
A30: DATOS ESPECÍFICOS
A32: ÍTEM | B32: DESCRIPCIÓN | I32: GRUPO DE AJUSTE | J32: UNIDAD | L32: CANTIDAD
A33: ='PRESUPUESTO OFICIAL'!B11 -> 311.11P | B33: ='PRESUPUESTO OFICIAL'!E11 -> Suministro de material de afirmado (Incluye Equipo). | J33: ='PRESUPUESTO OFICIAL'!F11 -> M3 | L33: ='PRESUPUESTO OFICIAL'!G11 -> 305.5
A35: I. EQUIPO
A37: DESCRIPCIÓN | G37: TIPO | I37: TARIFA/HORA | J37: RENDIMIENTO | L37: Vr. UNITARIO
A38: BENITIN RODILLO COMPACTADOR | I38: 26000 | J38: 8 | L38: =I38/J38 -> 3250
A39: VOLQUETA 15 M3 | I39: 150000 | J39: 8 | L39: =I39/J39 -> 18750
A40: SUBTOTAL | L40: =SUM(L38:L39) -> 22000
A42: II. MATERIALES
A44: DESCRIPCIÓN | H44: UNIDAD | I44: CANTIDAD | J44: PRECIO UNIT. | L44: Vr. UNITARIO
A45: MATERIAL DE AFIRMADO | H45: M3 | I45: 1 | J45: 30000 | L45: =I45*J45 -> 30000
A46: AGUA | H46: LT | I46: 25 | J46: 15 | L46: =I46*J46 -> 375
A47: SUBTOTAL | L47: =SUM(L45:L46) -> 30375
A49: III. TRANSPORTES
A51: MATERIAL | F51: UNIDAD | G51: CANTIDAD (1) | H51: DISTANCIA (2) | I51: CANTIDAD * DISTANCIA (1) * (2) | J51: TARIFA | L51: Vr. UNITARIO
A54: SUBTOTAL | L54: =SUM(L52:L53) -> 0
A56: IV. MANO DE OBRA
A58: DESCRIPCIÓN | G58: JORNAL | H58: PRESTACIONES | I58: JORNAL TOTAL | J58: RENDIMIENTO | L58: Vr. UNITARIO
A59: N/A
A61: SUBTOTAL | L61: 0
A63: TOTAL COSTO DIRECTO | L63: =L40+L47+L54 -> 52375
A65: V. COSTOS INDIRECTOS
A67: DESCRIPCIÓN | I67: Porcentaje | J67: Valor Total
A68: ADMINISTRACIÓN | I68: 0.05 | J68: =L63*I68 -> 2618.75 | L68: =J68 -> 2618.75
A69: IMPREVISTOS | I69: 0
A70: UTILIDAD | I70: 0
A71: SUBTOTAL | L71: =SUM(L68:L70) -> 2618.75
A73: Precio Unitario Total Aproximado al peso | L73: =ROUND(L63+L71,0) -> 54994
D78: Firma
D79: Nombre:
D80: Representante Legal del Contratista o su Apoderado
D81: Matrícula Profesional No.:
A83: OBSERVACIONES INTERVENTORÍA:
A89: APROBACIÓN POR INTERVENTORÍA
A90: Nota 1: Cuando se trate de análisis de precios unitarios correspondientes a ítems de la propuesta económica, el Interventor aprueba el desglose de los componentes manteniendo el mismo precio unitario de cada ítem, cumpliendo con las especificaciones de construcción vigentes para el proyecto.
A92: Nota 2: Cuando se trate de análisis de precios unitarios de ítems no previstos, el Interventor aprueba el desglose y precio unitario de cada ítem no previsto, exigiendo la aplicación correspondiente a rendimientos, tarifas, precio de materiales, jornales, costos, etc contemplados en los análisis de precios unitarios aprobados por la interventoría que soportan la propuesta económica y los aprobados durante la ejecución del contrato, cumpliendo con las especificaciones de construcción vigentes para el proyecto. El Contratista y el Interventor certifican que los precios unitarios del ítem o de los ítems no previstos corresponden a los precios del mercado.
D98: Firma
D99: Nombre:
D100: Representante Legal del Interventor o su Apoderado
D101: Matrícula Profesional No.:
A103: Original: Archivo de Gestión del INVIAS.
A104: Copias: Unidad Ejecutora, Contratista, Interventor y Dirección Territorial.
